AoeStats
← xlalox corona

Glade

503295791Analyzed
1v1 RM · 1mo ago on Aug 31, 2026· 64m 14s· 2 players
Game mode
Random Map
Map size
Tiny (2 player)
Population
200
Speed
Normal
Resources
Standard
Victory
Conquest
Starting age
Dark Age
Ending age
Imperial Age
RankedLock teamsTeams togetherTeam positionsShared explorationLock speedFull tech treeHidden civsTurbo modeCheats
Victory
Defeat
🇵🇪 Wu · Peru
1674
+17
🇲🇽 Spanish · Mexico
1693
-17
UL_King_Aioria
6:08 Loom
8:32 Feudal Age
14:35 Man-at-Arms
18:29 Double-Bit Axe
24:15 Castle Age
22:15 Fletching
22:47 Horse Collar
23:21 Padded Archer Armor
24:37 Elite Skirmisher
26:50 Bodkin Arrow
34:28 Redemption
35:53 Leather Archer Armor
41:56 Imperial Age
40:08 Bow Saw
41:22 Wheelbarrow
41:20 Bloodlines
41:11 Husbandry
42:08 Scale Barding Armor
43:09 Chain Barding Armor
44:44 Plate Barding Armor
46:19 Forging
48:12 Bracer
50:23 Ballistics
51:30 Iron Casting
52:42 Chemistry
54:37 Light Cavalry
56:46 Blast Furnace
56:10 Heavy Hei Guang Cavalry
57:17 Hussar
58:38 Hand Cart
58:09 Town Watch
60:59 Sitting Tiger
xlalox corona
5:52 Loom
9:53 Feudal Age
20:19 Fletching
26:03 Castle Age
25:26 Forging
39:41 Imperial Age
41:59 Scale Barding Armor
42:30 Bloodlines
43:24 Chain Barding Armor
42:29 Light Cavalry
48:39 Padded Archer Armor
49:14 Husbandry
49:49 Leather Archer Armor
51:16 Ring Archer Armor
55:48 Plate Barding Armor
56:22 Hussar
57:54 Iron Casting
58:04 Horse Collar
58:10 Double-Bit Axe
60:28 Blast Furnace
Connection lost

Rejoining the realm…

Still unreachable

The connection could not be restored.

Session expired

The server has moved on; the page needs a fresh start.